AoeStats
← Mantis

Lombardia

508936763Analyzed
4v4 RM · 6d ago on Sep 24, 2026· 65m 1s· 8 players
Game mode
Random Map
Map size
Large (8 player)
Population
200
Speed
Normal
Resources
Standard
Victory
Conquest
Starting age
Dark Age
Ending age
Imperial Age
RankedLock teamsTeams togetherTeam positionsShared explorationLock speedFull tech treeHidden civsTurbo modeCheats
Victory
Defeat
🇺🇸 Wei · United States
1173
+16
🇦🇷 Shu · Argentina
1164
+16
🇦🇷 Portuguese · Argentina
1156
+16
🇦🇷 Italians · Argentina
1150
+17
🇦🇹 Vietnamese · Austria
1271
-21
🇦🇹 Tupi · Austria
1162
-16
🇦🇹 Hindustanis · Austria
1117
-14
🇦🇹 Sicilians · Austria
1102
-14
Mantis
8:17 Loom
10:29 Feudal Age
11:45 Double-Bit Axe
17:38 Castle Age
22:11 Wheelbarrow
24:46 Bow Saw
24:31 Gold Mining
24:34 Horse Collar
25:30 Heavy Plow
27:05 Gold Shaft Mining
26:20 Stone Mining
27:35 Hand Cart
29:51 Stone Shaft Mining
33:24 Imperial Age
32:38 Bloodlines
32:29 Husbandry
32:38 Scale Barding Armor
32:45 Forging
33:32 Chain Barding Armor
33:21 Tuntian
33:56 Fletching
34:42 Iron Casting
35:02 Conscription
35:08 Ming Guang Armor
34:57 Bodkin Arrow
35:24 Ballistics
35:17 Fortified Wall
37:38 Bracer
38:39 Blast Furnace
38:18 Hoardings
39:23 Chemistry
38:35 Masonry
38:22 Murder Holes
38:52 Elite Tiger Cavalry
44:28 Fervor
47:36 Caravan
54:10 Town Watch
Jota
11:25 Feudal Age
13:47 Loom
16:16 Castle Age
14:06 Double-Bit Axe
21:28 Horse Collar
26:37 Wheelbarrow
26:31 Gold Mining
28:36 Town Watch
30:04 Ballistics
29:40 Stone Mining
34:46 Imperial Age
32:34 Hand Cart
32:25 Heavy Plow
34:23 Fletching
34:51 Masonry
36:26 Conscription
35:55 Elite Organ Gun
38:42 Chemistry
40:54 Bow Saw
42:01 Circumnavigation
42:47 Arquebus
47:29 Siege Engineers
61:52 Caravan
Jarjar
3:18 Loom
10:17 Feudal Age
16:06 Castle Age
14:17 Horse Collar
14:25 Double-Bit Axe
15:41 Bloodlines
15:43 Forging
19:43 Husbandry
21:47 Wheelbarrow
22:07 Bow Saw
23:03 Stone Mining
23:49 Gold Mining
26:33 Hand Cart
26:04 Town Watch
26:55 Heavy Plow
32:49 Imperial Age
30:42 Fervor
30:17 Treadmill Crane
30:57 Ballistics
30:33 Murder Holes
33:04 Padded Archer Armor
32:55 Fletching
32:53 Elite Genoese Crossbowman
35:24 Two-Man Saw
35:45 Chemistry
35:31 Stone Shaft Mining
35:31 Crop Rotation
35:15 Bodkin Arrow
35:36 Leather Archer Armor
35:50 Bracer
37:06 Ring Archer Armor
38:24 Scale Barding Armor
38:54 Iron Casting
37:42 Light Cavalry
38:47 Masonry
41:44 Pirotechnia
41:56 Silk Road
43:56 Hussar
45:15 Chain Barding Armor
45:55 Blast Furnace
46:32 Squires
45:52 Pikeman
55:50 Caravan
56:22 Coinage
56:03 Guilds
61:37 Plate Barding Armor
61:03 Scale Mail Armor
63:14 Bombard Tower
Delorean
11:15 Feudal Age
11:16 Loom
12:57 Double-Bit Axe
13:06 Horse Collar
17:28 Castle Age
15:49 Gold Mining
17:26 Fletching
18:33 Bodkin Arrow
20:11 Bow Saw
20:38 Heavy Plow
28:20 Forging
28:46 Ballistics
31:13 Thumb Ring
32:12 Gold Shaft Mining
33:50 Wheelbarrow
33:01 Town Watch
34:13 Stone Mining
36:57 Imperial Age
34:44 Hand Cart
34:36 Husbandry
37:49 Guilds
37:12 Heavy Cavalry Archer
37:54 Bracer
38:16 Conscription
37:21 Light Cavalry
39:03 Two-Man Saw
39:50 Chemistry
38:31 Treadmill Crane
38:48 Murder Holes
39:26 Caravan
39:57 Coinage
40:51 Padded Archer Armor
41:06 Fortified Wall
41:04 Siege Engineers
42:35 Banking
42:36 Heated Shot
43:08 Leather Archer Armor
51:37 Scale Mail Armor
52:10 Ring Archer Armor
51:40 Scale Mail Armor
55:11 Fortified Wall
55:12 Masonry
55:16 Scale Barding Armor
54:42 Pikeman
55:23 Squires
55:09 Arson
58:59 Heavy Hei Guang Cavalry
60:12 Architecture
60:00 Elite Skirmisher
61:22 Chain Barding Armor
61:41 Capped Ram
c11|smartinger
3:51 Loom
14:20 Feudal Age
15:29 Double-Bit Axe
15:25 Horse Collar
18:33 Castle Age
16:37 Double-Bit Axe
17:34 Champi Runner
18:05 Horse Collar
19:54 Heavy Plow
20:08 Bow Saw
19:51 Gold Mining
20:28 Stone Mining
21:46 Heavy Plow
23:01 Squires
26:26 Fletching
26:37 Padded Archer Armor
27:00 Champi Runner
31:12 Bodkin Arrow
32:04 Ballistics
33:09 Leather Archer Armor
33:05 Forging
37:24 Imperial Age
35:32 Wheelbarrow
37:16 Hand Cart
37:49 Murder Holes
38:33 Iron Casting
38:09 Caciques
39:19 Conscription
39:21 Elite Blackwood Archer
40:33 Bracer
41:45 Chemistry
42:11 Gold Shaft Mining
42:37 Two-Man Saw
42:14 Ring Archer Armor
46:46 Elite Skirmisher
47:31 Imperial Skirmisher
49:52 Champi Warrior
54:26 Scale Mail Armor
c11|benkenobi
10:55 Feudal Age
13:32 Loom
16:18 Castle Age
14:35 Horse Collar
16:52 Bloodlines
18:07 Double-Bit Axe
21:14 Scale Barding Armor
25:25 Heavy Plow
28:34 Gold Mining
30:37 Bow Saw
31:31 Husbandry
32:27 Wheelbarrow
35:22 Imperial Age
33:17 Forging
33:50 Ballistics
34:35 Chain Barding Armor
35:06 Iron Casting
35:14 Hand Cart
35:32 Heavy Camel Rider
36:56 Plate Barding Armor
39:19 Chemistry
38:55 Siege Engineers
38:39 Imperial Camel Rider
40:25 Blast Furnace
40:09 Conscription
39:38 Town Watch
40:44 Shatagni
44:21 Fletching
45:27 Gold Shaft Mining
44:57 Bodkin Arrow
45:21 Fortified Wall
45:38 Town Patrol
47:20 Thumb Ring
48:09 Bracer
48:08 Murder Holes
48:21 Caravan
55:48 Two-Man Saw
55:05 Onager
56:39 Elite Skirmisher
58:29 Light Cavalry
59:17 Padded Archer Armor
61:25 Leather Archer Armor
SpinkySpanky
6:42 Loom
10:56 Feudal Age
11:59 Double-Bit Axe
13:47 Horse Collar
19:13 Castle Age
22:32 Bow Saw
25:34 Heavy Plow
27:34 Bloodlines
27:24 Husbandry
30:59 Wheelbarrow
31:50 Scale Barding Armor
31:56 Forging
32:31 Hand Cart
32:02 Town Watch
33:46 Chain Barding Armor
34:01 Iron Casting
36:52 Imperial Age
36:59 Elite Battle Elephant
38:18 Plate Barding Armor
39:03 Chatras
39:26 Paper Money
40:07 Elite Rattan Archer
40:40 Fletching
40:51 Padded Archer Armor
40:21 Capped Ram
42:40 Chemistry
42:02 Ballistics
41:56 Fortified Wall
46:10 Light Cavalry
48:47 Caravan
49:18 Coinage
48:58 Guilds
49:09 Bodkin Arrow
49:29 Leather Archer Armor
50:30 Bracer
52:20 Ring Archer Armor
53:13 Scale Mail Armor
53:40 Arson
53:55 Squires
53:16 Pikeman
54:53 Halberdier
56:14 Chain Mail Armor
Matrix0101
10:16 Loom
12:02 Feudal Age
15:21 Double-Bit Axe
21:01 Castle Age
19:17 Horse Collar
21:08 Gold Mining
23:52 Padded Archer Armor
23:42 Fletching
24:46 Bow Saw
25:48 Leather Archer Armor
26:35 Heavy Plow
26:35 Bodkin Arrow
30:30 Wheelbarrow
30:09 Bloodlines
29:59 Husbandry
30:43 Scale Barding Armor
32:30 Light Cavalry
33:35 Masonry
33:22 Murder Holes
33:48 Ballistics
34:34 Hand Cart
40:34 Imperial Age
39:31 Light Cavalry
40:49 Heavy Mounted Crossbowman
40:50 Cranequins
41:37 Bracer
45:13 Elite Skirmisher
50:27 Chemistry
49:18 Heated Shot
49:37 Siege Engineers
51:39 Onager
60:13 Siege Onager
Connection lost

Rejoining the realm…

Still unreachable

The connection could not be restored.

Session expired

The server has moved on; the page needs a fresh start.